[Event "Early-Titled-Tuesday-Blitz-March-26-2024"]
[Site "Chess.com"]
[Date "2024.03.26"]
[Round "5"]
[White "GMAneta"]
[Black "LuisFSiles"]
[Result "1-0"]
[WhiteElo "2563"]
[BlackElo "2317"]
[TimeControl "180+1"]
[EndTime "8:50:52 PDT"]
[Termination "GMAneta won by resignation"]

1. d4 Nf6 2. Nf3 g6 3. c4 Bg7 4. g3 O-O 5. Bg2 d6 6. O-O c6 7. Nc3 Qa5 8. h3 e5 9. e4 exd4 10. Nxd4 Qc5 11. Nb3 Qb4 12. Bf4 Ne8 13. Rc1 a5 14. a3 Qb6 15. Na4 Qa6 16. c5 dxc5 17.
Nbxc5 Qa7 18. Qd8 Nd7 19. Nxd7 1-0

[Event "Early-Titled-Tuesday-Blitz-March-26-2024"]
[Site "Chess.com"]
[Date "2024.03.26"]
[Round "5"]
[White "valeriocarnicelli"]
[Black "Zhani-Z"]
[Result "0-1"]
[WhiteElo "2544"]
[BlackElo "2260"]
[TimeControl "180+1"]
[EndTime "8:51:11 PDT"]
[Termination "Zhani-Z won by resignation"]

1. b3 Nf6 2. Bb2 g6 3. Bxf6 exf6 4. c4 f5 5. Nc3 Bg7 6. g3 O-O 7. Bg2 d6 8. h4 Nd7 9. h5 Nf6 10. h6 Bh8 11. e3 c6 12. Nge2 Ng4 13. Nf4 Qg5 14.
d4 Nxh6 15. Qe2 Ng4 16. O-O-O Bd7 17. Rh4 Rae8 18. Rdh1 Bxd4 19. Qd2 Bxc3 20. Qxc3 Qf6 21. Qxf6 Nxf6 22. Rd1 g5 23. Rh6 Kg7 24. Rxf6 Kxf6 25.
Nh5+ Ke7 26. Bh3 Rd8 27. f4 f6 28. Ng7 g4 29. Bg2 h5 30. e4 fxe4 31. f5 Rg8 32.
Nxh5 Bxf5 33. Rf1 Rg5 34. Nf4 Rh8 35. Re1 Rh2 36. Bxe4 Bxe4 37. Rxe4+ Kf7 38. Kb1 Re5 0-1

[Event "Early-Titled-Tuesday-Blitz-March-26-2024"]
[Site "Chess.com"]
[Date "2024.03.26"]
[Round "5"]
[White "azikom"]
[Black "ChempionBg"]
[Result "1-0"]
[WhiteElo "2609"]
[BlackElo "2359"]
[TimeControl "180+1"]
[EndTime "8:51:25 PDT"]
[Termination "azikom won on time"]

1. c4 c5 2. Nc3 Nc6 3. g3 b6 4.
Bg2 Bb7 5. Nf3 g6 6. O-O Bg7 7. e3 Nf6 8. d4 cxd4 9. exd4 d5 10.
Ne5 O-O 11. cxd5 Nb4 12. Nc6 Nxc6 13. dxc6 Ba6 14. Re1 Rc8 15. d5 Bc4 16. Bg5 h6 17. Bf4 b5 18. a3 a5 19. b3 b4 20. bxc4 bxc3 21. Rc1 Nh7 22. Be5 Bxe5 23. Rxe5 Qd6 24. Qe1 1-0

[Event "Early-Titled-Tuesday-Blitz-March-26-2024"]
[Site "Chess.com"]
[Date "2024.03.26"]
[Round "5"]
[White "Kotlyar_K"]
[Black "Hovik_Hayrapetyan"]
[Result "0-1"]
[WhiteElo "2597"]
[BlackElo "2812"]
[TimeControl "180+1"]
[EndTime "8:51:33 PDT"]
[Termination "Hovik_Hayrapetyan won by resignation"]

1. e4 c5 2. Nf3 d6 3. d4 cxd4 4.
Nxd4 Nf6 5. Nc3 a6 6. h4 e5 7.
Nb3 Be6 8. Be2 Be7 9. f4 exf4 10. Bxf4 Nc6 11. Qd2 d5 12. O-O-O d4 13. Nxd4 Qxd4 14. Qxd4 Nxd4 15. Rxd4 Bc5 16. Rd2 Bb4 17. Bf3 Bxc3 18.
bxc3 Nd7 19. Rhd1 O-O-O 20. Kb2 Nb6 21. Be2 Na4+ 22. Ka3 Nxc3 23. Rxd8+ Rxd8 24. Rxd8+ Kxd8 25. Bd3 f6 26. e5 f5 27. Bd2 Nb1+ 28. Kb2 Nxd2 29.
Kc1 Nc4 0-1

[Event "Early-Titled-Tuesday-Blitz-March-26-2024"]
[Site "Chess.com"]
[Date "2024.03.26"]
[Round "5"]
[White "The_Straightforward_Rook"]
[Black "pfalcon1949"]
[Result "1-0"]
[WhiteElo "2414"]
[BlackElo "2052"]
[TimeControl "180+1"]
[EndTime "8:51:40 PDT"]
[Termination "The_Straightforward_Rook won by checkmate"]

1. e4 e6 2. b3 d5 3. Bb2 Nf6 4. e5 Nfd7 5. f4 Be7 6. Nf3 c5 7. c3 Nc6 8. d4 b6 9. Bd3 a5 10. O-O h6 11. Nbd2 Ba6 12. Bxa6 Rxa6 13. Qe2 Qa8 14.
f5 Kd8 15. fxe6 fxe6 16. c4 Nxd4 17. Bxd4 cxd4 18. Nxd4 Bc5 19. Nf3 Ke7 20. Kh1 a4 21. cxd5 axb3 22. Nc6+ Ke8 23. Qd3 b2 24. Qg6+ Kf8 25.
Ng5+ Kg8 26. Qf7# 1-0

[Event "Early-Titled-Tuesday-Blitz-March-26-2024"]
[Site "Chess.com"]
[Date "2024.03.26"]
[Round "5"]
[White "Saraisitave"]
[Black "Happy1712Drummer"]
[Result "0-1"]
[WhiteElo "2249"]
[BlackElo "2441"]
[TimeControl "180+1"]
[EndTime "8:51:54 PDT"]
[Termination "Happy1712Drummer won by resignation"]

1. e4 c5 2. Nf3 e6 3. Nc3 Nc6 4. d4 cxd4 5. Nxd4 Nf6 6. Be2 d5 7. Nxc6 bxc6 8. e5 Nd7 9. f4 Bc5 10. Na4 Qa5+ 11. c3 Be7 12. b4 Qc7 13. Be3 O-O 14.
Nc5 Nxc5 15. Bxc5 Bxc5 16. bxc5 Qa5 17. Qd4 Rb8 18. O-O Rb2 19. Bd3 Ba6 20. Bxa6 Qxa6 21. a4 Qe2 22. Rf2 Qxf2+ 23. Qxf2 Rxf2 24. Kxf2 Rb8 25. Ra3 Rb2+ 26. Kf3 a5 27. h3 f6 28. g3 Kf7 29. exf6 gxf6 0-1

[Event "Early-Titled-Tuesday-Blitz-March-26-2024"]
[Site "Chess.com"]
[Date "2024.03.26"]
[Round "5"]
[White "SirStrateg"]
[Black "Manukyan_Artak"]
[Result "1-0"]
[WhiteElo "2624"]
[BlackElo "2462"]
[TimeControl "180+1"]
[EndTime "8:52:02 PDT"]
[Termination "SirStrateg won by resignation"]

1. d4 d5 2. Bf4 Nf6 3. e3 Bg4 4. Nf3 e6 5. Nbd2 Bd6 6. c3 O-O 7. Qb3 Bxf4 8. exf4 Bxf3 9. Nxf3 b6 10. Ne5 Nfd7 11. Bd3 c5 12. Qc2 f5 13. dxc5 Nxc5 14.
O-O Nxd3 15. Qxd3 Qd6 16. Rfe1 Nc6 17. Nxc6 Qxc6 18. Re5 Rf6 19. Rae1 Rd8 20. g3 h5 21.
R1e3 Kf7 22. Qe2 g6 23. Qa6 Rd7 24. Rd3 Qb7 25. Qa3 Qc7 26. Rd4 Qc5 27. Qa6 Rc7 28. a4 Qa5 29. Qe2 Qc5 30. Kg2 Rc8 31. h3 a5 32. f3 Rh8 33. g4 hxg4 34. fxg4 Qc8 35.
g5 1-0

[Event "Early-Titled-Tuesday-Blitz-March-26-2024"]
[Site "Chess.com"]
[Date "2024.03.26"]
[Round "5"]
[White "Zavgorodniy_Sergiy"]
[Black "ActorXu"]
[Result "0-1"]
[WhiteElo "2630"]
[BlackElo "2857"]
[TimeControl "180+1"]
[EndTime "8:52:05 PDT"]
[Termination "ActorXu won by checkmate"]

1. d4 Nf6 2. c4 e6 3. Nf3 d5 4. e3 b6 5. Nbd2 Bb7 6. Bd3 Nbd7 7. O-O Bd6 8. Qe2 Ne4 9. b3 O-O 10. Bb2 f5 11. cxd5 exd5 12. Ne5 Qe7 13. f4 Ndf6 14.
Ndf3 c5 15. Rac1 Rac8 16. Ba6 Bxa6 17. Qxa6 Bxe5 18. Nxe5 Ng4 19. Nxg4 fxg4 20. dxc5 bxc5 21. Rfd1 g3 22. hxg3 Nxg3 23. Be5 Qh4 24. Qe6+ Kh8 25. Re1 Qh1+ 26. Kf2 Ne4+ 27. Kf3 Qh4 28. Qxd5 Qf2+ 29. Kg4 Qg3+ 30. Kh5 Rf5# 0-1

[Event "Early-Titled-Tuesday-Blitz-March-26-2024"]
[Site "Chess.com"]
[Date "2024.03.26"]
[Round "5"]
[White "ZenBull"]
[Black "KarstenHansch"]
[Result "1/2-1/2"]
[WhiteElo "2307"]
[BlackElo "2490"]
[TimeControl "180+1"]
[EndTime "8:52:05 PDT"]
[Termination "Game drawn by agreement"]

1. c4 Nf6 2. Nc3 g6 3. e3 Bg7 4.
d4 O-O 5. Bd3 c5 6. Nge2 cxd4 7.
Nxd4 Nc6 8. Nxc6 bxc6 9. O-O d5 10. cxd5 cxd5 11. Rb1 Bg4 12. Be2 Bf5 13. Bd3 Bg4 14. Be2 Bf5 15. Bd3 Bxd3 16. Qxd3 Qa5 17. Rd1 Rfd8 18.
a3 Rab8 19. Bd2 Qb6 20. b4 d4 21. exd4 Rxd4 22. Qe2 Qc6 23. Be1 Rg4 24. f3 Rc4 25.
b5 Qc7 26. Nd5 Nxd5 27. Rxd5 e6 28. Rdd1 Rc2 29. Rd2 Rc1 30. Rxc1 Qxc1 31. Qd1 Qxd1 32. Rxd1 Bb2 33. a4 Rb7 34. Rd2 Bf6 35. Bf2 Kf8 36. Bc5+ Ke8 37. Kf2 Rc7 38. Be3 1/2-1/2

[Event "Early-Titled-Tuesday-Blitz-March-26-2024"]
[Site "Chess.com"]
[Date "2024.03.26"]
[Round "5"]
[White "Coach_Istvanovszki"]
[Black "KNVB"]
[Result "1-0"]
[WhiteElo "2543"]
[BlackElo "2764"]
[TimeControl "180+1"]
[EndTime "8:52:07 PDT"]
[Termination "Coach_Istvanovszki won on time"]

1. d4 e5 2. e4 Nc6 3. d5 Nce7 4. Nf3 Ng6 5. h4 h5 6. Bg5 f6 7. Be3 Nh6 8. Bxh6 Rxh6 9. g3 Bc5 10. Be2 Nh8 11. Nfd2 g6 12. c4 a5 13. Nb3 Bb4+ 14.
Kf1 a4 15. Nc1 Nf7 16. Nd3 Qe7 17. Nxb4 Qxb4 18. Qd2 Qxd2 19. Nxd2 b6 20. Kg2 d6 21. b4 Bd7 22. a3 f5 23. Rhc1 Kd8 24. c5 Rb8 25.
Rab1 b5 26. Rb2 Bc8 27. Rbc2 Rh7 28. f3 Ba6 29. Nb1 1-0

[Event "Early-Titled-Tuesday-Blitz-March-26-2024"]
[Site "Chess.com"]
[Date "2024.03.26"]
[Round "5"]
[White "DmitriiZakurdaev"]
[Black "GMKrikor"]
[Result "1-0"]
[WhiteElo "2417"]
[BlackElo "2874"]
[TimeControl "180+1"]
[EndTime "8:52:11 PDT"]
[Termination "DmitriiZakurdaev won by resignation"]

1. d4 Nf6 2. c4 g6 3. Nc3 d5 4.
cxd5 Nxd5 5. e4 Nxc3 6. bxc3 Bg7 7. Be3 c5 8. Qd2 Qa5 9. Nf3 O-O 10. Rb1 a6 11.
Rc1 Bg4 12. Be2 Nd7 13. h3 Bxf3 14. Bxf3 cxd4 15. cxd4 Qa4 16. O-O Rac8 17. Bg4 e6 18.
d5 Ne5 19. dxe6 Nxg4 20. exf7+ Kxf7 21. Qd5+ Ke7 22. Bc5+ Rxc5 23. Qxc5+ Kf7 24. Qd5+ Kf6 25. hxg4 Re8 26. g5+ 1-0

[Event "Early-Titled-Tuesday-Blitz-March-26-2024"]
[Site "Chess.com"]
[Date "2024.03.26"]
[Round "5"]
[White "ploxoi"]
[Black "xasid81"]
[Result "0-1"]
[WhiteElo "2417"]
[BlackElo "2590"]
[TimeControl "180+1"]
[EndTime "8:52:12 PDT"]
[Termination "xasid81 won by resignation"]

1. d4 d5 2. c4 c6 3. Nf3 Nf6 4. e3 e6 5. b3 Nbd7 6. Bd3 Bb4+ 7. Nbd2 O-O 8. O-O Qe7 9. Bb2 Ba3 10. Qc2 Bxb2 11. Qxb2 Re8 12. Rad1 e5 13. Bf5 e4 14. Ne1 Nf8 15. Bxc8 Raxc8 16. cxd5 cxd5 17. Nc2 Ng6 18. Rc1 h5 19. Qa3 a6 20. Qxe7 Rxe7 21.
Nb4 Rec7 22. Rc4 dxc4 23. Nxc4 Rd8 24. d5 Nxd5 25. Rd1 Rcd7 0-1

[Event "Early-Titled-Tuesday-Blitz-March-26-2024"]
[Site "Chess.com"]
[Date "2024.03.26"]
[Round "5"]
[White "kriscacco"]
[Black "Josgar05"]
[Result "1-0"]
[WhiteElo "2165"]
[BlackElo "2353"]
[TimeControl "180+1"]
[EndTime "8:52:17 PDT"]
[Termination "kriscacco won by resignation"]

1. d4 g6 2. Nf3 Bg7 3. g3 Nf6 4. Bg2 O-O 5. O-O d6 6. Nbd2 c5 7. c3 Nbd7 8. e4 Qc7 9. Re1 e5 10. dxe5 dxe5 11. a4 Rd8 12. Qc2 c4 13. Bf1 b5 14.
axb5 Nb6 15. b3 Be6 16. bxc4 Nxc4 17. Nxc4 Bxc4 18. Bxc4 Qxc4 19. Qe2 Qxe2 20. Rxe2 Rd1+ 21. Kg2 Nd7 22. Bb2 Rxa1 23. Bxa1 Nc5 24. c4 Rd8 25.
Bxe5 Bf8 26. Bd4 Rc8 27. e5 Ne6 28. Bxa7 Rxc4 29. Be3 Rb4 30. b6 Nc5 31. Rc2 Na4 32. Rc6 Kg7 33. h4 Rb2 34. Bd4 Rb3 35. e6+ f6 36. Rc7+ Kg8 37. e7 Bxe7 38. Rxe7 Nxb6 39. Bxf6 Nd5 40. Re6 Kf7 41. Ng5+ Kf8 42. Bd4 h6 43. Ne4 Kf7 44. Rd6 Ne7 45. Rf6+ Ke8 46. Bc5 Nd5 47. Rxg6 Rb2 48. Rxh6 1-0

[Event "Early-Titled-Tuesday-Blitz-March-26-2024"]
[Site "Chess.com"]
[Date "2024.03.26"]
[Round "5"]
[White "RebecaJimnz"]
[Black "NewYearGirl"]
[Result "0-1"]
[WhiteElo "2247"]
[BlackElo "2440"]
[TimeControl "180+1"]
[EndTime "8:52:21 PDT"]
[Termination "NewYearGirl won by resignation"]

1. e4 c5 2. Nc3 g6 3. g3 Bg7 4. Bg2 d6 5. d3 Nf6 6. Be3 b5 7. h3 b4 8. Nce2 Bb7 9. Qd2 O-O 10. Bh6 Nbd7 11. Bxg7 Kxg7 12. f4 c4 13. Nf3 Qb6 14. g4 a5 15. Ng3 Rfc8 16. e5 Nd5 17. d4 c3 18. bxc3 bxc3 19. Qf2 Ba6 20. Ng5 Qb2 21. Rd1 Nb4 22. Be4 d5 23. Bd3 Nxd3+ 24. cxd3 c2 0-1

[Event "Early-Titled-Tuesday-Blitz-March-26-2024"]
[Site "Chess.com"]
[Date "2024.03.26"]
[Round "5"]
[White "ContrVersia"]
[Black "GaiozNigalidze"]
[Result "1-0"]
[WhiteElo "2922"]
[BlackElo "2726"]
[TimeControl "180+1"]
[EndTime "8:52:22 PDT"]
[Termination "ContrVersia won by resignation"]

1. Nf3 Nf6 2. c4 g6 3. g3 Bg7 4. Bg2 O-O 5. O-O d6 6. d4 a6 7. Nc3 Nc6 8. d5 Na5 9. b3 c5 10. dxc6 Nxc6 11. Bb2 Bf5 12. Qc1 Ne4 13. Nd5 Bxb2 14.
Qxb2 Nc5 15. Rfd1 Be6 16. Rac1 a5 17. Nc3 Bg4 18. h4 Bxf3 19. Bxf3 Ne5 20. Bg2 Rc8 21.
Nd5 Ned7 22. h5 Nf6 23. Nxf6+ exf6 24. Rd2 Qe7 25. Rcd1 Rcd8 26. Rd5 Rfe8 27. e3 Rd7 28. Bf3 Red8 29. Kg2 Kg7 30. Rh1 b6 31. Qd4 h6 32.
hxg6 fxg6 33. Bg4 Rc7 34. f3 Ne6 35. Bxe6 Qxe6 36. Qxb6 Re7 37. Qxd8 Qxe3 38. Rf1 Qg1+ 39. Kxg1 1-0

[Event "Early-Titled-Tuesday-Blitz-March-26-2024"]
[Site "Chess.com"]
[Date "2024.03.26"]
[Round "5"]
[White "HanSchut"]
[Black "KanalSzachowy"]
[Result "1-0"]
[WhiteElo "2274"]
[BlackElo "2427"]
[TimeControl "180+1"]
[EndTime "8:52:25 PDT"]
[Termination "HanSchut won by resignation"]

1. e4 Nc6 2. Nf3 d6 3. d4 Nf6 4. Nc3 g6 5. h3 Bg7 6. Be3 O-O 7.
Qd2 Ng4 8. hxg4 Bxg4 9. Be2 e5 10. d5 Bxf3 11. Bxf3 Nd4 12. O-O-O c5 13. Bh6 Bf6 14.
Bxf8 Bg5 15. Bh6 Bxd2+ 16. Kxd2 b5 17. a3 b4 18. axb4 cxb4 19. Ne2 Nxf3+ 20. gxf3 a5 21. f4 a4 22. fxe5 dxe5 23. Ra1 a3 24. bxa3 bxa3 25.
Ra2 Qa5+ 26. c3 Qb5 27. Rha1 f5 28. f3 f4 29. Ke1 Qd3 30. Kf2 Qe3+ 31. Kg2 Qxe2+ 32.
Rxe2 1-0

[Event "Early-Titled-Tuesday-Blitz-March-26-2024"]
[Site "Chess.com"]
[Date "2024.03.26"]
[Round "5"]
[White "venturov"]
[Black "kingofthenil"]
[Result "0-1"]
[WhiteElo "2526"]
[BlackElo "2774"]
[TimeControl "180+1"]
[EndTime "8:52:26 PDT"]
[Termination "kingofthenil won by checkmate"]

1. e4 Nc6 2. d4 d5 3. e5 Bf5 4. Nf3 e6 5. Be2 f6 6. O-O fxe5 7. dxe5 Bc5 8. a3 Nge7 9. b4 Bb6 10. b5 Na5 11. Bd2 O-O 12. Bb4 c5 13. bxc6 Naxc6 14. Bd6 Bc7 15. Bxc7 Qxc7 16. Nc3 Nxe5 17. Nb5 Nxf3+ 18.
Bxf3 Qb6 19. Nd4 Nc6 20. Nxf5 Rxf5 21. Rb1 Qc7 22. Re1 Rf6 23. c4 dxc4 24. Qa4 Ne5 25. Bxb7 Raf8 26. f3 Nd3 27. Red1 Qc5+ 28. Kh1 Nf2+ 29.
Kg1 Nxd1+ 30. Kh1 Nf2+ 31. Kg1 Nh3+ 32. Kh1 Qg1+ 33. Rxg1 Nf2# 0-1

[Event "Early-Titled-Tuesday-Blitz-March-26-2024"]
[Site "Chess.com"]
[Date "2024.03.26"]
[Round "5"]
[White "ViktoriyaTarasova"]
[Black "Golubovsky"]
[Result "1-0"]
[WhiteElo "2372"]
[BlackElo "2508"]
[TimeControl "180+1"]
[EndTime "8:52:26 PDT"]
[Termination "ViktoriyaTarasova won on time"]

1. d4 Nf6 2. c4 e6 3. Nc3 d5 4.
cxd5 exd5 5. Bg5 Be7 6. Qc2 c6 7. e3 O-O 8. Bd3 Nbd7 9. Nge2 Re8 10. O-O Nf8 11. Rae1 Ne4 12. Bxe7 Qxe7 13. Bxe4 dxe4 14. Ng3 f5 15. f3 exf3 16. Rxf3 g6 17. e4 Bd7 18. Ref1 Ne6 19. Qf2 f4 20. Nge2 g5 21.
g3 g4 22. Rxf4 Nxf4 23. gxf4 Rf8 24. f5 c5 25. dxc5 Rae8 26. b4 Qe5 27. Qf4 Kh8 28. Qxe5+ Rxe5 29. Rd1 Bc6 30. Ng3 h5 31. Rd6 Kh7 32. Nxh5 a5 33. a3 axb4 34. axb4 Ra8 35. Nf6+ 1-0

[Event "Early-Titled-Tuesday-Blitz-March-26-2024"]
[Site "Chess.com"]
[Date "2024.03.26"]
[Round "5"]
[White "LiadCuba"]
[Black "KVAIDAN"]
[Result "0-1"]
[WhiteElo "2559"]
[BlackElo "2365"]
[TimeControl "180+1"]
[EndTime "8:52:33 PDT"]
[Termination "KVAIDAN won on time"]

1. d3 d6 2. c4 c6 3. Nc3 Nd7 4. Nf3 h6 5. g3 g5 6. Bg2 Bg7 7. O-O Qa5 8. Bd2 Nf8 9. Rb1 Ng6 10. b4 Qc7 11. b5 g4 12. Ne1 h5 13. Qa4 Bd7 14. b6 Qb8 15. bxa7 Rxa7 16. Qb3 Nf6 17. Nc2 h4 18. Nd4 Ne5 19. Bf4 Nh5 20. Bxe5 Bxe5 21. Nxc6 Bxc6 22. Bxc6+ Kf8 23. Ne4 Kg7 24. Bxb7 f5 25. Ng5 Kf6 26. gxh4 Nf4 0-1

[Event "Early-Titled-Tuesday-Blitz-March-26-2024"]
[Site "Chess.com"]
[Date "2024.03.26"]
[Round "5"]
[White "Msb2"]
[Black "vlad10898"]
[Result "1-0"]
[WhiteElo "3047"]
[BlackElo "2886"]
[TimeControl "180+1"]
[EndTime "8:52:40 PDT"]
[Termination "Msb2 won by resignation"]

1. d4 d5 2. c4 e6 3. Nc3 Nf6 4. cxd5 exd5 5. Bg5 c6 6. e3 Be7 7. Bd3 Nbd7 8. h3 O-O 9. Qc2 Re8 10. Nf3 Nf8 11. O-O Ne4 12. Bf4 f5 13. Ne5 Ng6 14. f3 Nd6 15. Bh2 Bf6 16. e4 Nxe5 17. dxe5 Bxe5 18.
Bxe5 Rxe5 19. exd5 cxd5 20. f4 Re7 21. Nxd5 Rf7 22.
Rfe1 Bd7 23. Rad1 Qa5 24. Bc4 Kh8 25. b4 Qa3 26. Nc7 Nxc4 27. Nxa8 1-0

[Event "Early-Titled-Tuesday-Blitz-March-26-2024"]
[Site "Chess.com"]
[Date "2024.03.26"]
[Round "5"]
[White "baki83"]
[Black "Rashad_Zeynalli"]
[Result "1-0"]
[WhiteElo "2863"]
[BlackElo "2681"]
[TimeControl "180+1"]
[EndTime "8:52:47 PDT"]
[Termination "baki83 won by resignation"]

1. e4 e5 2. Nf3 Nc6 3. Bb5 a6 4. Ba4 Nf6 5. O-O b5 6. Bb3 Bc5 7. c3 d6 8. d4 Bb6 9. a4 Rb8 10. h3 O-O 11. Bg5 h6 12. Bh4 Re8 13. Nbd2 exd4 14.
axb5 axb5 15. Bd5 Bb7 16. Qb3 Qe7 17. Qxb5 dxc3 18. bxc3 Ne5 19. Bxf6 gxf6 20. Bxb7 Rxb7 21. Nd4 c6 22. Qa6 Kh7 23. Nf5 Qd7 24. Rab1 Reb8 25. Kh1 d5 26. Qe2 dxe4 27. Ng3 f5 28. Rfd1 Nd3 29.
Ndxe4 Rd8 30. Nf6+ 1-0

[Event "Early-Titled-Tuesday-Blitz-March-26-2024"]
[Site "Chess.com"]
[Date "2024.03.26"]
[Round "5"]
[White "yonaltimur"]
[Black "Aural1011"]
[Result "1-0"]
[WhiteElo "2401"]
[BlackElo "1728"]
[TimeControl "180+1"]
[EndTime "8:52:49 PDT"]
[Termination "yonaltimur won on time"]

1. e4 c5 2. Nf3 d6 3. Bb5+ Bd7 4. Bxd7+ Qxd7 5. O-O Nc6 6. c3 Nf6 7. Re1 e6 8. d4 cxd4 9. cxd4 Be7 10. Nc3 O-O 11. h3 Rfd8 12. Be3 Rac8 13. Rc1 a6 14. Na4 Rb8 15.
Nb6 Qe8 16. d5 Ne5 17. Nxe5 dxe5 18. Qb3 Nxe4 19. dxe6 fxe6 20. Qxe6+ Kh8 21. Qxe5 Bd6 22. Qf5 Qe5 23. Qxe5 Bxe5 24. f3 Nf6 25. Bf2 Bxb2 26. Rc2 Ba3 27. Bg3 Bd6 28. Bh4 1-0

[Event "Early-Titled-Tuesday-Blitz-March-26-2024"]
[Site "Chess.com"]
[Date "2024.03.26"]
[Round "5"]
[White "Zampronha1971"]
[Black "imdvb6307"]
[Result "1/2-1/2"]
[WhiteElo "2357"]
[BlackElo "2509"]
[TimeControl "180+1"]
[EndTime "8:52:53 PDT"]
[Termination "Game drawn by repetition"]

1. e4 Nc6 2. Nf3 d6 3. d4 Nf6 4. Nc3 Bg4 5. Bb5 a6 6. Bxc6+ bxc6 7. h3 Bh5 8. O-O e6 9. e5 Nd7 10. Re1 d5 11. Be3 c5 12. dxc5 Bxc5 13. Bxc5 Nxc5 14. Qd4 Nd7 15. Qf4 c5 16. Ne2 Qc7 17. Ng3 Bg6 18.
c4 d4 19. Nh4 O-O 20. Nxg6 hxg6 21. b3 a5 22. Ne4 Qxe5 23. Qxe5 Nxe5 24. Nxc5 Nc6 25.
f4 Rfd8 26. Kf2 Kf8 27. Kf3 Ke7 28. Rad1 Rdb8 29. g4 Kd6 30. Ne4+ Kc7 31. Nc5 Kd6 32. Ne4+ Kc7 33. Nc5 Kd6 1/2-1/2

[Event "Early-Titled-Tuesday-Blitz-March-26-2024"]
[Site "Chess.com"]
[Date "2024.03.26"]
[Round "5"]
[White "stasOR4ik"]
[Black "SashaKuzhilniy"]
[Result "0-1"]
[WhiteElo "2440"]
[BlackElo "2601"]
[TimeControl "180+1"]
[EndTime "8:52:56 PDT"]
[Termination "SashaKuzhilniy won by checkmate"]

1. e4 e6 2. b3 d5 3. Bb2 Nc6 4. e5 d4 5. Nf3 Bc5 6. Bb5 Ne7 7. O-O O-O 8. Qe2 a6 9. Bxc6 Nxc6 10. d3 b5 11.
Nbd2 Bb7 12. Ne4 Be7 13. Ng3 Qd5 14. Rfe1 Rfd8 15. Nh5 Bf8 16. Nf4 Qc5 17. Ng5 h6 18.
Nxf7 Kxf7 19. Qh5+ Kg8 20. Nxe6 Qd5 21. Nxc7 Qc5 22. Nxa8 Bxa8 23. Re2 Ne7 24. f4 Nd5 25. f5 Nf4 26. Qg4 Nxe2+ 27. Qxe2 Re8 28. Re1 Bd6 29. e6 Qxf5 30. Bxd4 Bc5 31. Qe3 Qd5 32. Bxc5 Qxg2# 0-1

[Event "Early-Titled-Tuesday-Blitz-March-26-2024"]
[Site "Chess.com"]
[Date "2024.03.26"]
[Round "5"]
[White "only_strong_moves"]
[Black "SharapovEvgeny"]
[Result "1/2-1/2"]
[WhiteElo "2704"]
[BlackElo "2570"]
[TimeControl "180+1"]
[EndTime "8:52:57 PDT"]
[Termination "Game drawn - insufficient material"]

1. Nc3 d5 2. e4 c6 3. d4 dxe4 4. Nxe4 Bf5 5. Ng3 Bg6 6. h4 h6 7. Nf3 Nd7 8. h5 Bh7 9. Bd3 Bxd3 10. Qxd3 Qc7 11. Ne2 Ngf6 12. Bf4 Qa5+ 13. c3 e6 14. Ne5 Nxe5 15. Bxe5 O-O-O 16. Qc2 Nd7 17. Bg3 Be7 18. a4 Qf5 19. Qxf5 exf5 20. O-O Rhe8 21. Nf4 Nf6 22. Bh4 Ne4 23. Bxe7 Rxe7 24. Rad1 Nf6 25. f3 Nd5 26. Nxd5 Rxd5 27. Rfe1 Rxe1+ 28. Rxe1 Kd7 29. Kf2 f4 30. Rh1 Ke6 31. Ke2 Kf5 32. Rh4 Ra5 33. b3 b5 34.
axb5 cxb5 35. Rg4 g5 36. hxg6 fxg6 37. g3 fxg3 38. Rxg3 Ra3 39. Kd3 Rxb3 40. Kc2 Ra3 41. Kb2 Ra6 42. Kb3 Rc6 43. Kb4 Rc4+ 44. Kxb5 Rxc3 45. d5 Rd3 46. Kc6 a5 47. d6 a4 48. d7 a3 49. f4 Rxd7 50. Kxd7 a2 51. Ra3 Kxf4 52. Ke6 g5 53. Kf6 g4 54. Kg6 g3 55.
Rxa2 Kf3 56. Ra3+ Kf2 57. Kxh6 g2 58. Ra2+ Kf3 59. Rxg2 Kxg2 1/2-1/2

[Event "Early-Titled-Tuesday-Blitz-March-26-2024"]
[Site "Chess.com"]
[Date "2024.03.26"]
[Round "5"]
[White "jefferyx"]
[Black "TigrVShlyape"]
[Result "0-1"]
[WhiteElo "3090"]
[BlackElo "2914"]
[TimeControl "180+1"]
[EndTime "8:53:01 PDT"]
[Termination "TigrVShlyape won by resignation"]

1. e4 c5 2. Nf3 e6 3. c3 Nf6 4.
Bd3 d5 5. e5 Nfd7 6. Bc2 c4 7.
d4 cxd3 8. Qxd3 Nc6 9. Bf4 Be7 10. h4 Qc7 11. Qe3 Qb6 12. Qxb6 axb6 13. Bd3 Nc5 14.
Be2 Nb3 15. axb3 Rxa1 16. Kd2 Bd7 17. b4 d4 18. Rd1 dxc3+ 19. bxc3 O-O 20. Kc1 Rd8 21.
Kb2 Raa8 22. Na3 Be8 23. Ra1 f6 24. Be3 Nxe5 25. Nxe5 fxe5 26. g3 Bc6 27. Nc4 Rxa1 28. Kxa1 Bb5 29. Kb2 Bxc4 30. Bxc4 Rd6 31. Kc2 e4 32.
Bf4 Rc6 33. Bb5 Kf7 34. Bxc6 bxc6 35. h5 g6 36. hxg6+ Kxg6 37. Kd2 Kf5 38. Ke2 b5 39. Bd2 Ke5 40. g4 Kd5 41. Be1 Bg5 0-1

[Event "Early-Titled-Tuesday-Blitz-March-26-2024"]
[Site "Chess.com"]
[Date "2024.03.26"]
[Round "5"]
[White "Suleyman_Chess06"]
[Black "dretch"]
[Result "1-0"]
[WhiteElo "2703"]
[BlackElo "2863"]
[TimeControl "180+1"]
[EndTime "8:53:01 PDT"]
[Termination "Suleyman_Chess06 won on time"]

1. Nf3 d5 2. g3 Bg4 3. Bg2 Nd7 4. O-O e6 5. d4 Bd6 6. h3 Bh5 7. c4 c6 8. cxd5 exd5 9. Bf4 Bxf4 10. gxf4 Qf6 11. e3 Ne7 12. Nbd2 O-O 13. Qb3 Nb6 14. a4 Rab8 15. a5 Nd7 16. Rac1 Nf5 17. a6 bxa6 18. Qa4 Rb6 19. Rc2 Bg6 20. Rc3 Ne7 21.
Rfc1 Rxb2 22. Qxa6 Ra8 23. Nf1 Be4 24. Ng3 Bxf3 25.
Bxf3 g6 26. Rxc6 Nxc6 27. Rxc6 Qh4 28. Rc8+ Rxc8 29. Qxc8+ Nf8 30. Bxd5 Qxh3 31. Qxh3 1-0

[Event "Early-Titled-Tuesday-Blitz-March-26-2024"]
[Site "Chess.com"]
[Date "2024.03.26"]
[Round "5"]
[White "RianKapriaga"]
[Black "Cobysters"]
[Result "0-1"]
[WhiteElo "2336"]
[BlackElo "2566"]
[TimeControl "180+1"]
[EndTime "8:53:02 PDT"]
[Termination "Cobysters won by resignation"]

1. d4 Nf6 2. Nf3 e6 3. c4 b6 4. Nc3 Bb4 5. Bd2 Bb7 6. a3 Bxc3 7. Bxc3 d5 8. e3 O-O 9. Be2 Nbd7 10. O-O Ne4 11.
Rc1 Ndf6 12. b3 Nxc3 13. Rxc3 Ne4 14. Rc2 Qe7 15. Bd3 Qxa3 16. Bxe4 dxe4 17. Nd2 a5 18. Qa1 Qb4 19. Rfc1 c5 20. Nf1 Rfd8 21. Ng3 Bc6 22.
Nh5 f6 23. Nf4 Kf7 24. Rd1 a4 25. bxa4 Bxa4 26. Ra2 Bxd1 27. Qxd1 Rxa2 28. Qh5+ Kg8 29. h3 Qe1+ 30. Kh2 Qxf2 31. Qg4 Re8 32. Nxe6 Qxg2+ 33.
Qxg2 Rxg2+ 34. Kxg2 Rxe6 0-1

[Event "Early-Titled-Tuesday-Blitz-March-26-2024"]
[Site "Chess.com"]
[Date "2024.03.26"]
[Round "5"]
[White "Oleksandr_Bortnyk"]
[Black "mbojan"]
[Result "1-0"]
[WhiteElo "3090"]
[BlackElo "2891"]
[TimeControl "180+1"]
[EndTime "8:53:08 PDT"]
[Termination "Oleksandr_Bortnyk won on time"]

1. e4 a6 2. Bc4 e6 3. Bb3 d5 4.
Nc3 Nf6 5. Qe2 dxe4 6. Nxe4 Nbd7 7. d3 Be7 8. Nf3 O-O 9. O-O b5 10. Re1 Bb7 11. Bf4 Nxe4 12. dxe4 Nc5 13. Rad1 Qc8 14. Ne5 Nxb3 15. axb3 Bd6 16. Qg4 f6 17. Bh6 g5 18.
Bxf8 Kxf8 19. Nf3 e5 20. Qh5 Kg7 21. h4 h6 22. Nh2 Qe8 23. Qxe8 Rxe8 24. hxg5 hxg5 25.
Ng4 Kf7 26. Nh6+ Ke6 27. Nf5 Rh8 28. g4 a5 29. f3 a4 30. bxa4 bxa4 31. Kg2 Rb8 32.
Rh1 Ba6 33. Rh7 Bf8 34. Rxc7 Bb5 35. Rd6+ 1-0